 Dungeon Crawl Stone Soup version 0.31-a0-988-g08d55dae12 (webtiles) character file.

Game seed: 2940596679919741629

153 Pixllover the Conjurer (level 5, 0/37 HPs)
             Began as a Gnoll Wanderer on Nov 4, 2023.
             Was a Follower of Sif Muna.
             Slain by a gnoll
             ... wielding a +0 flail
              (8 damage)
             ... on level 4 of the Dungeon.
             The game lasted 00:04:25 (3081 turns).

Pixllover the Conjurer (Gnoll Wanderer)             Turns: 3081, Time: 00:04:25

Health: 0/37       AC:  6    Str: 15    XL:     5   Next: 35%
Magic:  9/9        EV: 11    Int: 10    God:    Sif Muna [*.....]
Gold:   100        SH:  0    Dex: 11    Spells: 9/10 levels left

rFire   . . .        a - +0 falchion
rCold   . . .        (no shield)
rNeg    . . .        b - +0 ring mail
rPois   .            (no helmet)
rElec   .            (no cloak)
rCorr   .            (no gloves)
SInv    .            (no boots)
Will    .....        (no amulet)
Stlth   +            (no ring)
HPRegen 0.26/turn    (no ring)
MPRegen 0.11/turn

%: no passive effects
@: no status effects
A: fangs 1, strong nose, distributed training
a: Renounce Religion, Channel Magic


You were on level 4 of the Dungeon.
You worshipped Sif Muna.
Sif Muna was aware of your devotion.
You visited 1 branch of the dungeon, and saw 4 of its levels.

You collected 100 gold pieces.

Inventory:

Hand Weapons
 a - a +0 falchion (weapon)
Missiles
 g - 11 poisoned darts (quivered)
 h - 4 atropa-tipped darts
 j - a throwing net
Armour
 b - a +0 ring mail (worn)
Jewellery
 f - an amulet of the acrobat
Scrolls
 e - a scroll of poison {unknown}
Potions
 c - 2 potions of lignification
 d - a potion of degeneration {unknown}
 i - a potion of attraction {unknown}
 k - a potion of might {unknown}


   Skills:
 + Level 1.4 Fighting
 + Level 1.4 Short Blades
 + Level 3.0 Long Blades
 + Level 1.4 Axes
 + Level 1.4 Maces & Flails
 + Level 1.4 Polearms
 + Level 1.4 Staves
 + Level 1.4 Ranged Weapons
 + Level 1.4 Throwing
 + Level 4.8 Armour
 + Level 3.0 Dodging
 + Level 1.4 Stealth
 + Level 1.4 Shields
 + Level 1.4 Unarmed Combat
 + Level 3.1 Spellcasting
 + Level 5.5 Conjurations
 + Level 1.1 Hexes
 + Level 1.1 Summonings
 + Level 1.1 Necromancy
 + Level 1.1 Translocations
 + Level 1.1 Transmutations
 + Level 1.1 Fire Magic
 + Level 1.1 Ice Magic
 + Level 1.1 Air Magic
 + Level 1.1 Earth Magic
 + Level 1.1 Poison Magic
 + Level 4.8 Invocations
 + Level 1.4 Evocations
 + Level 1.3 Shapeshifting


You had 9 spell levels left.
You knew the following spells:

 Your Spells              Type           Power      Damage    Failure   Level
a - Magic Dart            Conj           48%        1d5       5%          1

Your spell library contained the following spells:

 Spells                   Type           Power      Damage    Failure   Level
 Searing Ray              Conj           24%        2d5       8%          2
 Fulminant Prism          Conj/Hex       4%         3d5       77%         4


Dungeon Overview and Level Annotations

Branches:
Dungeon (4/15)
 Temple: D:4-7

Altars:
Cheibriados
Nemelex Xobeh
Sif Muna


Innate Abilities, Weirdness & Mutations

You have very sharp teeth.
Your uncanny sense of smell can sniff out nearby items.
Your experience applies equally to all skills.


Message History

There is a stone staircase leading down here.
You climb downwards.
Found a stone staircase leading up.
There is a stone staircase leading up here.
A gnoll comes into view. It is wielding a +0 flail.
The gnoll shouts!
Found a scroll labelled DAOHITWICVE.
A gnoll comes into view. It is wielding a +0 whip.
The gnoll shouts!
A gnoll comes into view. It is wielding a +0 spear.
Found 20 gold pieces and a scroll labelled DEILLE QAFIE.
The gnoll shouts!
The gnoll closely misses you. The gnoll hits you with a +0 flail.
You slash the gnoll! Your bite misses the gnoll.
The gnoll is heavily wounded.
The gnoll hits you with a +0 flail!
You hit the gnoll.
The gnoll is almost dead.
You hit the gnoll but do no damage. The gnoll closely misses you.
The gnoll hits you with a +0 whip.
You hit the gnoll but do no damage. You bite the gnoll, but do no damage.
The gnoll hits you but does no damage. The gnoll hits you with a +0 flail!
The gnoll hits you with a +0 whip.
You hit the gnoll but do no damage. The gnoll hits you but does no damage.
The gnoll hits you with a +0 flail. The gnoll hits you with a +0 whip.
* * * LOW HITPOINT WARNING * * *
You closely miss the gnoll. The gnoll barely misses you.
The gnoll hits you with a +0 flail.
* * * LOW HITPOINT WARNING * * *
The gnoll barely misses you.
You slash the gnoll!
The gnoll is heavily wounded.
The gnoll closely misses you. x2; The gnoll hits you but does no damage.
You hit the gnoll.
The gnoll is severely wounded.
The gnoll hits you from afar with a +0 spear.
* * * LOW HITPOINT WARNING * * *
The gnoll hits you with a +0 flail!
You die...

######### #<......#
### #####.#####<# ..
#........##.# .# #
#.##..#.....##.###.##
#..#.###.#...?.... ∆
#..........# .###.
#.##.#####.#......
... ..# #@g.##.##
.... ..# #g#g#..$?
###.#### ..#..$##.
.#.# #.# #.#.. #... #
#.# g#.$ ..# .##. #.#


You could see 3 gnolls.

Vanquished Creatures
  5 adders
  5 worms
  A dart slug (D:2)
  4 orcs (D:2)
  11 endoplasms
  2 giant cockroaches
  7 goblins
  8 hobgoblins
  10 jackals
  2 quokkas
  2 ball pythons
  4 bats
  6 frilled lizards
  6 kobolds
  9 rats
82 creatures vanquished.

Notes
Turn   | Place    | Note
-------+----------+-------------------------------------------
     0 | D:1      | Pixllover the Gnoll Wanderer began the quest for the Orb.
     0 | D:1      | Pixllover set off with the following items: a +0 falchion,
                  | a +0 ring mail, a potion of lignification; and the
                  | following spell memorised: Magic Dart; and the following
                  | spells available to memorise: Searing Ray, Fulminant Prism.
     0 | D:1      | Reached XP level 1. HP: 13/13 MP: 4/4
    58 | D:1      | Reached XP level 2. HP: 11/19 MP: 0/5
   450 | D:1      | Reached XP level 3. HP: 10/25 MP: 5/7
  1115 | D:2      | Reached skill level 1 in Fighting
  1115 | D:2      | Reached skill level 1 in Short Blades
  1115 | D:2      | Reached skill level 1 in Axes
  1115 | D:2      | Reached skill level 1 in Maces & Flails
  1115 | D:2      | Reached skill level 1 in Polearms
  1115 | D:2      | Reached skill level 1 in Staves
  1115 | D:2      | Reached skill level 1 in Ranged Weapons
  1115 | D:2      | Reached skill level 1 in Throwing
  1115 | D:2      | Reached skill level 1 in Stealth
  1115 | D:2      | Reached skill level 1 in Shields
  1115 | D:2      | Reached skill level 1 in Unarmed Combat
  1115 | D:2      | Reached skill level 1 in Evocations
  1147 | D:2      | Identified the +1 leather armour of Light {Dex+6}
  1227 | D:2      | Reached skill level 1 in Shapeshifting
  1227 | D:2      | Reached XP level 4. HP: 28/32 MP: 8/8
  1492 | D:2      | Reached skill level 1 in Hexes
  1492 | D:2      | Reached skill level 1 in Summonings
  1492 | D:2      | Reached skill level 1 in Necromancy
  1492 | D:2      | Reached skill level 1 in Translocations
  1492 | D:2      | Reached skill level 1 in Transmutations
  1492 | D:2      | Reached skill level 1 in Fire Magic
  1492 | D:2      | Reached skill level 1 in Ice Magic
  1492 | D:2      | Reached skill level 1 in Air Magic
  1492 | D:2      | Reached skill level 1 in Earth Magic
  1492 | D:2      | Reached skill level 1 in Poison Magic
  1599 | D:2      | Found a faded altar of an unknown god.
  1619 | D:2      | Prayed at the altar of an unknown god.
  1619 | D:2      | Became a worshipper of Sif Muna the Loreminder
  1619 | D:2      | Reached * piety under Sif Muna
  2257 | D:3      | Reached XP level 5. HP: 31/37 MP: 9/9
  2735 | D:3      | Found a sparkling altar of Nemelex Xobeh.
  2745 | D:3      | Found a snail-covered altar of Cheibriados.
  3081 | D:4      | Slain by a gnoll

Illustrated notes

Levels and vault maps discovered:
D:1:      lightli_arrival_farm, layout_loops_ring
D:2:      layout_basic, shapermc_ecumenical_altar_notcrosses,
          supply_closet_lemuel
D:3:      layout_basic, amethyst_overflow_temple_binary
D:4:      layout_loops_cross, nicolae_dithmenos_through_a_glass_darkly,
          bloody_makhleb, minmay_temple_entry_crystal_x,
          mrwooster_statue_mirror, minmay_misc_feat_chi,
          nicolae_concentric_dashed_squares_mild

Skill      XL: |  1  2  3  4  5 |
---------------+----------------+-----
Fighting       | 1 |  1.4
Short Blades   | 1 |  1.4
Axes           | 1 |  1.4
Maces & Flails | 1 |  1.4
Polearms       | 1 |  1.4
Staves         | 1 |  1.4
Ranged Weapons | 1 |  1.4
Throwing       | 1 |  1.4
Stealth        | 1 |  1.4
Shields        | 1 |  1.4
Unarmed Combat | 1 |  1.4
Evocations     | 1 |  1.4
Shapeshifting  | 1 |  1.3
Spellcasting   | 3 |  3.1
Hexes          | 1 |  1.1
Summonings     | 1 |  1.1
Necromancy     | 1 |  1.1
Translocations | 1 |  1.1
Transmutations | 1 |  1.1
Fire Magic     | 1 |  1.1
Ice Magic      | 1 |  1.1
Air Magic      | 1 |  1.1
Earth Magic    | 1 |  1.1
Poison Magic   | 1 |  1.1
Long Blades    | 3 |  3.0
Dodging        | 3 |  3.0
Armour         | |  4.8
Conjurations   | |  5.5
Invocations    | |  4.8

Action                     |  1- 3 |  4- 6 || total
---------------------------+-------+-------++-------
  Melee: Falchion          |   186 |   190 ||   376
         Bite              |    16 |    24 ||    40
         Punch             |     1 |     5 ||     6
   Cast: Magic Dart        |    11 |       ||    11
 Armour: Ring mail         |   122 |   122 ||   244
  Dodge: Dodged            |   145 |   125 ||   270

Table legend: (Time is in decaauts)
 A = Elapsed time spent in this place.
 B = Non-inter-level travel time spent in this place.
 C = Inter-level travel time spent in this place.
 D = Time resting spent in this place.
 E = Time spent auto-exploring this place.
 F = Levels seen in this place.
 G = Mean time per level.
                   A        B        C        D        E       F      G
               +--------+--------+--------+--------+--------+-----+--------+
         Total |   3169 |   3120 |     49 |    151 |   2061 |   4 |  792.2 |
       Dungeon |   3169 |   3120 |     49 |    151 |   2061 |   4 |  792.2 |
               +--------+--------+--------+--------+--------+-----+--------+

Top non-repeatable levels by time:
     D:2: 1313 daAuts
     D:1: 994 daAuts
     D:3: 840 daAuts
     D:4: 21 daAuts
